Map: Prion Terraces

Players

Fullmetal

  • Race: Protoss Protoss
  • League: Master

GnuGnu - Winner!

  • Race: Protoss Protoss
  • League: Master

VOD

Have the link to the VOD?

Description

Time

  • Played on: Nov. 15, 2015, 10:33 p.m.
  • Length: 10:08
Show
View Real Time Build Order
Export as new Build Order

Fullmetal Protoss 

Build Orders: Mass Adepts 

Get SALT Encoding   

  12  0:01  Probe (Chrono Boost)  
  13  0:12  Probe (Chrono Boost)  
  14  0:19  Pylon  
  14  0:22  Probe (Chrono Boost)  
  15  0:37  Probe (Chrono Boost)  
  15  0:38  Gateway  
  16  0:47  Probe (Chrono Boost)  
  16  0:48  Assimilator  
  17  0:58  Probe (Chrono Boost)  
  18  1:08  Probe (Chrono Boost)  
  19  1:19  Probe (Chrono Boost)  
  19  1:20  Pylon  
  20  1:28  Cybernetics Core  
  20  1:32  Probe (Chrono Boost)  
  21  1:34  Assimilator  
  21  1:45  Probe (Chrono Boost)  
  21  1:46  Gateway  
  22  1:59  Probe (Chrono Boost)  
  23  2:04  Adept  
  23  2:07  Warp Gate (Chrono Boost)  
  25  2:10  Mothership Core  
  27  2:15  Pylon  
  27  2:32  Adept  
  27  2:34  Adept  
  31  2:45  Gateway  
  31  2:47  Gateway  
  31  2:51  Pylon  
  31  2:59  Adept  
  31  3:01  Adept  
  35  3:06  Probe  
  35  3:12  Pylon  
  36  3:31  Probe  
  35  3:59  Adept x4  
  43  4:18  Probe  
  43  4:23  Adept x2  
  43  4:24  Adept x2  
  52  4:31  Nexus  
  52  4:40  Pylon  
  52  4:52  Adept x2  
  52  4:58  Adept  
  54  5:10  Adept  
  56  5:18  Adept  
  56  5:19  Adept  
  54  5:26  Pylon  
  54  5:28  Stalker  
  56  5:33  Probe  
  57  5:44  Robotics Facility  
  57  5:47  Probe  
  56  6:20  Adept  
  56  6:21  Probe, Adept x3  
  56  6:22  Probe  
  46  6:32  Probe  
  42  6:34  Probe  
  42  6:36  Immortal (Chrono Boost)  
  48  6:41  Adept  
  48  6:42  Adept  
  48  6:43  Adept  
  54  6:47  Adept  
  54  6:51  Probe  
  57  7:01  Adept  
  57  7:07  Sentry x2  
  63  7:08  Adept  
  63  7:14  Probe, Robotics Bay  
  63  7:15  Probe  
  66  7:27  Probe  
  66  7:29  Assimilator  
  67  7:31  Mothership Core  
  67  7:33  Assimilator  
  67  7:35  Zealot  
  67  7:36  Zealot  
  73  7:39  Probe  
  70  7:52  Adept x2  
  74  8:01  Adept x2  
  78  8:12  Pylon  
  78  8:15  Pylon  
  78  8:24  Pylon  
  78  8:25  Pylon  
  78  8:29  Probe  
  78  8:30  Probe  
  78  8:31  Disruptor (Chrono Boost)  
  81  8:38  Adept  
  81  8:39  Probe  
  81  8:44  Adept x3  
  87  8:52  Probe  
  88  9:02  Disruptor (Chrono Boost)  
  91  9:03  Sentry, Forge  
  91  9:09  Adept  
  82  9:20  Sentry x2  
  70  9:30  Adept x2  
  72  9:44  Adept x2  
  51  10:00  Adept  
Show
View Real Time Build Order
Export as new Build Order

GnuGnu Protoss - Winner!

Build Orders: 1 Gate Expand, Mass Adepts 

Get SALT Encoding   

  12  0:02  Probe (Chrono Boost)  
  13  0:12  Probe (Chrono Boost)  
  14  0:18  Pylon  
  14  0:23  Probe (Chrono Boost)  
  15  0:39  Probe (Chrono Boost)  
  15  0:40  Gateway  
  16  0:49  Probe (Chrono Boost)  
  17  1:00  Probe (Chrono Boost)  
  18  1:13  Nexus  
  18  1:22  Assimilator  
  18  1:32  Cybernetics Core, Probe (Chrono Boost)  
  19  1:39  Assimilator  
  19  1:42  Probe (Chrono Boost)  
  20  1:50  Pylon  
  20  1:55  Probe (Chrono Boost)  
  21  2:03  Gateway  
  21  2:06  Probe (Chrono Boost)  
  22  2:13  Warp Gate (Chrono Boost)  
  22  2:16  Adept  
  22  2:18  Probe (Chrono Boost)  
  25  2:28  Probe (Chrono Boost)  
  26  2:38  Probe (Chrono Boost)  
  26  2:43  Mothership Core (Chrono Boost)  
  29  2:49  Adept  
  31  2:51  Adept  
  33  2:59  Probe (Chrono Boost)  
  33  3:03  Pylon  
  33  3:16  Stalker  
  33  3:18  Stalker, Gateway  
  37  3:30  Gateway  
  37  3:36  Probe x2  
  37  3:37  Pylon  
  39  3:53  Probe  
  40  3:57  Gateway  
  40  4:00  Pylon  
  40  4:03  Pylon  
  40  4:22  Robotics Facility  
  40  4:23  Adept x2  
  44  4:31  Adept  
  44  4:37  Probe (Chrono Boost)  
  47  4:57  Adept x5  
  50  5:24  Probe x2 (Chrono Boost)  
  52  5:30  Adept x5  
  52  5:34  Pylon  
  52  5:35  Probe (Chrono Boost)  
  63  5:40  Probe (Chrono Boost), Pylon  
  63  5:41  Observer  
  61  5:52  Stalker x2  
  65  6:06  Probe (Chrono Boost)  
  65  6:08  Robotics Bay  
  62  6:22  Adept x3  
  63  6:29  Warp Prism  
  63  6:43  Probe (Chrono Boost)  
  64  6:47  Adept  
  64  6:48  Adept x2  
  70  6:56  Probe (Chrono Boost)  
  70  6:57  Probe (Chrono Boost)  
  72  7:05  Disruptor  
  75  7:19  Adept  
  75  7:20  Adept x4  
  85  7:26  Probe (Chrono Boost)  
  85  7:27  Pylon  
  85  7:28  Assimilator  
  72  8:02  Disruptor  
  75  8:07  Adept x4  
  83  8:14  Probe x2 (Chrono Boost)  
  83  8:16  Assimilator  
  85  8:24  Probe (Chrono Boost)  
  86  8:42  Disruptor  
  86  8:46  Probe x2 (Chrono Boost)  
  91  8:50  Gateway  
  91  8:57  Adept x4  
  91  8:58  Nexus  
  91  9:01  Pylon  
  97  9:25  Adept x5  
  107  9:36  Probe (Chrono Boost)  
  107  9:37  Pylon  
  108  9:40  Pylon  
  80  9:58  Adept  
  80  10:00  Adept x3  
Tags
 
Add a new tag
Caveats
  • Supply blocks, unpowered buildings, or Contaminate may cause inaccurate times.
  • Supply counts are checked every 10 seconds.